cohdb
Replays
Latest Replays
All Replays
Popular Replays
Top Player Replays
Match Explorer
How It Works
Community
CoH3 Stats
Reddit
Sign in to upload your games and track your stats! →
Sign in with Steam
Match 45580522
Unlisted
Match 45580522
Overview
Messages
Build Orders
End
Kettenkrad Recon Vehicle
Construct Infanterie Kompanie
MG 42 Machine Gun Team
Selects Terror Battlegroup
Selects Machine Gun Camouflage
MG 42 Machine Gun Team
Grenadier Squad
Construct Luftwaffe Kompanie
221 Scout Car
Medical Station
Luftwaffe Officer Quarters
Support Elements
Jäger Squad
MG 42 Bunker
Wirbelwind Flakpanzer
Jäger Squad
Selects No Quarter
Wirbelwind Flakpanzer
221 Scout Car
Marder III M Tank Destroyer
Wirbelwind Flakpanzer
Medical Bunker
Marder III M Tank Destroyer
Forward Retreat Point
Construct Panzer Kompanie
Panzer Officer Quarters
Jäger Squad
Selects King Tiger Heavy Tank
Selects Contempt for the Weak
King Tiger Heavy Tank
Selects Propaganda Leaflet Drop
Selects Jericho Trumpet
Stoßtruppen Squad
RKWO
joy0407
龙类保护协会黑名单榜首
RustyNails
Jm200092
Este-El-Beste
Daspi
BlackStormIV
0
0
Comments
sign in to comment!
No comments posted yet!